 Dungeon Crawl Stone Soup version 0.21.1-1-g345015f (webtiles) character file.

25 GenChuck the Grave Robber (level 2, -1/28 HPs)
             Began as a Demonspawn Necromancer on Mar 29, 2018.
             Slain by a jackal (2 damage)
             ... on level 1 of the Dungeon.
             The game lasted 00:08:49 (899 turns).

GenChuck the Grave Robber (Demonspawn Necromancer)   Turns: 899, Time: 00:08:50

Health: -1/28      AC: 21    Str:  8    XL:     2   Next: 82%
Magic:  4/5        EV:  2    Int: 16    God:
Gold:   46         SH:  0    Dex: 13    Spells: 3/5 levels left

rFire    + . .     SeeInvis .   g - +0 short sword
rCold    + . .     Gourm    .   (no shield)
rNeg     + + +     Faith    .   (armour currently unavailable)
rPois    +         Spirit   .   (helmet currently unavailable)
rElec    +         Reflect  .   (cloak currently unavailable)
rCorr    +         Harm     .   (gloves currently unavailable)
MR       .....     NoTele   +   (boots currently unavailable)
Stlth    +++.......             (no amulet)
HPRegen  0.09/turn              (no ring)
MPRegen  0.09/turn              (no ring)

@: tree-form, resistant
A: nightstalker 1
a: no special abilities


You were on level 1 of the Dungeon.
You were hungry.
You were a tree.
You visited 1 branch of the dungeon, and saw 2 of its levels.

You collected 46 gold pieces.

Inventory:

Hand Weapons
 g - a +0 short sword (weapon)
Armour
 a - a +0 robe
 e - a cursed +0 leather armour (melded)
 h - a +0 pair of gloves (melded)
 l - a cursed +0 robe
Potions
 d - a potion of lignification
 f - a potion of curing {unknown}
 k - a potion of heal wounds {unknown}
Books
 b - a book of Necromancy

   Spells                             Type                      Level
   a - Pain                           Necromancy                   1
   b - Animate Skeleton               Necromancy                   1
   c - Vampiric Draining              Necromancy                   3
   d - Regeneration                   Charms/Necromancy            3
   e - Animate Dead                   Necromancy                   4
   f - Borgnjor's Vile Clutch         Necromancy/Earth             5
Comestibles
 c - 2 rations
 i - 3 chunks of flesh


   Skills:
 + Level 0.1 Armour
 * Level 2.2 Dodging
 + Level 1.7 Stealth
 + Level 2.0 Spellcasting
 * Level 5.0 Necromancy


You had 3 spell levels left.
You knew the following spells:

 Your Spells              Type           Power        Failure   Level  Hunger
a - Pain                  Necr           ###.         2%          1    #......
b - Animate Skeleton      Necr           N/A          2%          1    #......


Dungeon Overview and Level Annotations

Branches:
Dungeon (2/15)

Altars:


Innate Abilities, Weirdness & Mutations

You are slightly more attuned to the shadows.


Message History

* * * LOW HITPOINT WARNING * * *
The jackal barely misses you. The jackal bites you.
* * * LOW HITPOINT WARNING * * *
The jackal closely misses you. The jackal misses you.
Casting: Pain
Confirm with . or Enter, or press ? or * to list all spells.
Aiming: Pain
Press: ? - help, Shift-Dir - straight line, f/p - jackal
Aim: a jackal (severely wounded, chance to defeat MR: 87%)
Okay, then.
It was a potion of resistance.
You feel protected. The jackal closely misses you. The jackal bites you.
* * * LOW HITPOINT WARNING * * *
The jackal bites you but does no damage.
It was a potion of lignification.
You turn into a tree.
Your +0 pair of gloves melds into your body.
Your cursed +0 leather armour melds into your body.
Your roots penetrate the ground.
The jackal bites you.
You die...

.......#...................K.....
......................Z....>.....
.......#.................###.....
.......#....#..####'########.....
..#....#....#....................
..#....#....#..)#......####......
..#....#.......................##
.......#.........h.............#
.....#+#........♣h.K...........#
................h.............###
...........[.....................
..###.....................######.
...............................#.
#########.........#..............
....####......#............##
.......####................#
######.......###.#............##


You could see 3 jackals and a kobold.

Vanquished Creatures
  A leopard gecko (D:1)
  A giant cockroach (D:1)
  4 hobgoblins (D:1)
  A jackal (D:1)
  5 kobolds (D:1)
  A ball python (D:1)
  3 bats (D:1)
  2 frilled lizards (D:1)
  5 rats (D:1)
23 creatures vanquished.

Vanquished Creatures (collateral kills)
  A rat (D:1)
1 creature vanquished.

Grand Total: 24 creatures vanquished

Notes
Turn   | Place    | Note
-------+----------+-------------------------------------------
     0 | D:1      | GenChuck the Demonspawn Necromancer began the quest for the Orb.
     0 | D:1      | Reached XP level 1. HP: 13/13 MP: 3/3
     3 | D:1      | Learned a level 1 spell: Animate Skeleton
   443 | D:1      | Gained mutation: You are slightly more attuned to the shadows. [demonic ancestry]
   443 | D:1      | Reached XP level 2. HP: 18/19 MP: 1/5
   820 | D:1      | Reached skill level 5 in Necromancy
   899 | D:1      | Slain by a jackal

Skill      XL: |  1  2 |
---------------+-------+-----
Dodging        | 2 |  2.2
Necromancy     | 5 |  5.0
Armour         | |  0.1
Stealth        | |  1.7
Spellcasting   | |  2.0

Action                   || total
-------------------------++-------
Melee: Unarmed           ||     4
       Short sword       ||    12
 Cast: Pain              ||    30
       Animate Skeleton  ||     4
  Use: Scroll            ||     2
       Potion            ||     2
Armor: Leather armour    ||    19
Dodge: Dodged            ||    49
